 Dungeon Crawl Stone Soup version 0.28-a0-674-gdaf460b524 (webtiles) character file.

Game seed: 2680846582010559827

0 jasper the Skirmisher (level 1, -1/18 HPs)
             Began as a Demonspawn Cinder Acolyte on Oct 17, 2021.
             Was a High Priest of Ignis.
             Slain by a quokka (2 damage)
             ... on level 1 of the Dungeon.
             The game lasted 00:00:32 (91 turns).

jasper the Skirmisher (Demonspawn Cinder Acolyte)     Turns: 91, Time: 00:00:33

Health: -1/18      AC:  2    Str: 14    XL:     1   Next: 8%
Magic:  2/2        EV: 11    Int: 15    God:    Ignis [*****.]
Gold:   13         SH:  0    Dex:  8    Spells: 2/2 levels left

rFire   + . .      SeeInvis .   a - -1 falchion (flame)
rCold   . . .      Faith    .   (no shield)
rNeg    . . .      Spirit   .   b - +0 robe
rPois   .          Reflect  .   (no helmet)
rElec   .          Harm     .   (no cloak)
rCorr   .          Rampage  .   (no gloves)
Will    .....                   (no boots)
Stlth   +.........              (no amulet)
HPRegen 0.06/turn               (no ring)
MPRegen 0.08/turn               (no ring)

@: no status effects
A: no striking features
a: Renounce Religion, Sea of Fire, Foxfire Swarm, Rising Flame


You were on level 1 of the Dungeon.
You worshipped Ignis.
Ignis was extremely pleased with you.
You visited 1 branch of the dungeon, and saw 1 of its levels.

You collected 13 gold pieces.

Inventory:

Hand Weapons
 a - a -1 falchion of flaming (weapon)
Missiles
 c - 20 stones
 d - 14 poisoned darts (quivered)
Armour
 b - a +0 robe (worn)


   Skills:
 - Level 3.0 Fighting
 + Level 2.7 Long Blades
 - Level 1.0 Spellcasting
 - Level 2.6 Fire Magic


You had 2 spell levels left.
You didn't know any spells.
Your spell library contained the following spells:

 Spells                   Type           Power      Damage    Failure   Level
 Scorch                   Fire           16%        2d6       12%         2


Dungeon Overview and Level Annotations

Branches:
Dungeon (1/15)

Altars:


Message History

d - 15 poisoned darts A quokka comes into view.
Throw: 15 darts (poison)
Press: ? - help, Q - select action, (/) - cycle Shift-Dir - straight line, f - quokka
Aim: a quokka (asleep, 98% to hit)
You throw a poisoned dart. The poisoned dart hits the quokka.
The quokka is poisoned.
You barely miss the quokka.
The quokka is moderately wounded.
The quokka looks more healthy.
The quokka bites you.
You take 1 damage, and have 17/18 hp.
You barely miss the quokka.
The quokka is moderately wounded.
The quokka bites you.
You take 2 damage, and have 15/18 hp.
You hit the quokka but do no damage.
The quokka is moderately wounded.
The quokka bites you. x2
You take 5 damage, and have 10/18 hp.
MASSIVE DAMAGE!!
You hit the quokka. You burn the quokka.
The quokka is heavily wounded.
The quokka barely misses you.
You closely miss the quokka.
The quokka is heavily wounded.
The quokka completely misses you.
You closely miss the quokka.
The quokka is heavily wounded.
The quokka barely misses you. The quokka bites you.
You take 4 damage, and have 6/18 hp.
MASSIVE DAMAGE!!
You barely miss the quokka.
The quokka is heavily wounded.
The quokka bites you.
* * * LOW HITPOINT WARNING * * *
You take 1 damage, and have 5/18 hp.
You hit the quokka. You burn the quokka.
The quokka is almost dead.
The quokka bites you.
* * * LOW HITPOINT WARNING * * *
The quokka bites you.
You die...

#.# . ..# .. ... ##
.. .. #.# .###...
#. #.# ##.......
#..
#.######........#
#..#.#....r@#
..##..
#...#.#######.#....
##.....#......#....
##..#.......>.....
...
#.................
...
#.#######.........
... #.# #.#####.##
##.## ..(
#..###...###...##
....
#...#.....#.....#


You could see a quokka.

Vanquished Creatures
  A ball python (D:1)
1 creature vanquished.

Notes
Turn   | Place    | Note
-------+----------+-------------------------------------------
     0 | D:1      | jasper the Demonspawn Cinder Acolyte began the quest for
                  | the Orb.
     0 | D:1      | Reached XP level 1. HP: 18/18 MP: 2/2
    91 | D:1      | Slain by a quokka

Illustrated notes

Levels and vault maps discovered:
D:1:      onia_arrival_pyramid, layout_rooms, serial_shops, shop

Action                   || total
-------------------------++-------
Melee: Falchion          ||     9
Throw: Dart              ||     1
Dodge: Dodged            ||     3

Table legend: (Time is in decaauts)
 A = Elapsed time spent in this place.
 B = Non-inter-level travel time spent in this place.
 C = Inter-level travel time spent in this place.
 D = Time resting spent in this place.
 E = Time spent auto-exploring this place.
 F = Levels seen in this place.
 G = Mean time per level.
                   A        B        C        D        E       F      G
               +--------+--------+--------+--------+--------+-----+--------+
         Total |     92 |     78 |     14 |      0 |     46 |   1 |   92.0 |
       Dungeon |     92 |     78 |     14 |      0 |     46 |   1 |   92.0 |
               +--------+--------+--------+--------+--------+-----+--------+

Top non-repeatable levels by time:
     D:1: 92 daAuts
